 Dungeon Crawl Stone Soup version 0.16-a0-2710-g8b41a68 (webtiles) character file.

19716 BluebellGnoll the Zephyrmancer (level 12, -5/56 (59) HPs)
             Began as a Tengu Conjurer on Nov 26, 2014.
             Was the Champion of Sif Muna.
             Slain by a spectral orc knight
             ... wielding a +1 long sword of electrocution
             ... summoned by Nergalle
              (20 damage)
             ... on level 1 of the Lair of Beasts.
             The game lasted 01:46:11 (14331 turns).

BluebellGnoll the Zephyrmancer (Tengu Conjurer)    Turns: 14331, Time: 01:46:11

HP:   -5/56 (59)    AC:  1    Str:  9    XL:     12   Next: 71%
MP:   21/32         EV: 17    Int: 20    God:    Sif Muna [******]
Gold: 564           SH:  0    Dex: 15    Spells: 10 memorised, 2 levels left

rFire  . . .     SeeInvis .     e - +5 quarterstaff (chaos)
rCold  . . .     Clarity  .     (no armour)
rNeg   . . .     SustAb   .     (no shield)
rPois  .         Gourm    .     (helmet restricted)
rElec  .         Spirit   .     v - +0 cloak
rCorr  .         Warding  .     (no gloves)
rMut   .         Stasis   .     (boots unavailable)
MR     +....                    (no amulet)
Stlth  ++++......               x - ring of stealth
                                d - ring of protection from magic

@: drained, somewhat resistant to hostile enchantments, stealthy
A: able to fly, beak, talons 3
a: Fly, Channel Energy, Forget Spell, Renounce Religion


You were on level 1 of the Lair of Beasts.
You worshipped Sif Muna.
Sif Muna was exalted by your worship.
You were not hungry.

You visited 3 branches of the dungeon, and saw 12 of its levels.

You collected 639 gold pieces.
You spent 75 gold pieces at shops.

Inventory:

Hand weapons
 e - a +5 quarterstaff of chaos (weapon)
 m - a cursed +0 blowgun
 o - the +6 long sword of Dissolution {flame, rElec rF+ MR++ Dex+1, unknown}
   (You found it on level 10 of the Dungeon)

   It emits flame when wielded, causing extra injury to most foes and up to
   double damage against particularly susceptible opponents.
   Big, fiery blades are also staple armaments of hydra-hunters.
   It affects your dexterity (+1).
   It protects you from fire.
   It insulates you from electricity.
   It affects your resistance to hostile enchantments.
 z - a +1 hunting sling of flaming
Missiles
 f - 17 tomahawks
 g - 10 javelins
 k - 86 stones (quivered)
 A - 14 sling bullets
 F - a throwing net
Armour
 p - the +0 robe of Hide-and-Seek {Str+2 Int+4}
   (You found it on level 5 of the Dungeon)

   It affects your strength (+2).
   It affects your intelligence (+4).
 v - a +0 cloak (worn)
 I - a +2 buckler
Jewellery
 d - a ring of protection from magic (left hand)
 i - a cursed amulet of inaccuracy {unknown}
 x - a ring of stealth (right hand)
 M - an uncursed ring of invisibility
 R - an uncursed ring of sustain abilities
Magical devices
 a - a wand of paralysis (10)
 r - a wand of draining (4)
 w - a wand of polymorph (1)
 y - a wand of enslavement (13)
 B - a wand of magic darts (26)
 E - a wand of fireball (0)
 L - a wand of draining (7)
 Q - a wand of polymorph (14)
Scrolls
 h - 2 scrolls of recharging
 n - 3 scrolls of remove curse
 u - 2 scrolls of teleportation
Potions
 j - a potion of cancellation {unknown}
 q - 2 potions of heal wounds
 t - 2 potions of agility
 D - a potion of haste
 O - a potion of curing
 P - a potion of might
Books
 s - Sif Muna's Collected Works on Confrontation
   (Sif Muna gifted it to you on level 9 of the Dungeon)

   Spells                             Type                      Level
   Sting                              Conjuration/Poison           1
   Force Lance                        Conjuration                  5
   *Fireball                          Conjuration/Fire             5
   Glaciate                           Conjuration/Ice              9
 C - a book of Cantrips

   Spells                             Type                      Level
   Corona                             Hexes                        1
   Animate Skeleton                   Necromancy                   1
   Summon Small Mammal                Summoning                    1
   Apportation                        Translocation                1
 G - Sif Muna's Second Course in Sorcery
   (Sif Muna gifted it to you on level 10 of the Dungeon)

   Spells                             Type                      Level
   Airstrike                          Air                          4
   Summon Ice Beast                   Ice/Summoning                4
   Control Undead                     Necromancy                   4
   Summon Lightning Spire             Summoning/Air                4
   Passage of Golubria                Translocation                4
   Petrify                            Transmutation/Earth          4
 H - a book of Flames

   Spells                             Type                      Level
   Flame Tongue                       Conjuration/Fire             1
   Throw Flame                        Conjuration/Fire             2
   *Conjure Flame                     Conjuration/Fire             3
   *Inner Flame                       Hexes/Fire                   3
   *Sticky Flame                      Conjuration/Fire             4
   *Fireball                          Conjuration/Fire             5
 K - a book of Clouds

   Spells                             Type                      Level
   *Mephitic Cloud                    Conjuration/Poison/Air       3
   *Conjure Flame                     Conjuration/Fire             3
   Poisonous Cloud                    Conjuration/Poison/Air       6
   Freezing Cloud                     Conjuration/Ice/Air          6
   Ring of Flames                     Charms/Fire                  7
Comestibles
 b - 12 bread rations
 c - a beef jerky
 l - a meat ration
 N - 22 fruits


   Skills:
 * Level 9.2(8.0) Dodging
 - Level 4.4(3.3) Stealth
 + Level 11.7(10.4) Spellcasting
 - Level 10.5(9.3) Conjurations
 - Level 4.3(3.3) Fire Magic
 - Level 13.1(11.7) Air Magic


You had 2 spell levels left.
You knew the following spells:

 Your Spells              Type           Power        Failure   Level  Hunger
a - Magic Dart            Conj           ####         1%          1    None
b - Searing Ray           Conj           #####.       1%          2    None
c - Conjure Flame         Conj/Fire      #####...     1%          3    None
d - Inner Flame           Hex/Fire       ###.....     12%         3    None
e - Sticky Flame          Conj/Fire      #####...     8%          4    ##.....
f - Dazzling Spray        Conj/Hex       ####....     3%          3    None
g - Mephitic Cloud        Conj/Pois/Air  #####...     1%          3    None
h - Fireball              Conj/Fire      #####.....   17%         5    ####...
i - Iskenderun's Mystic   Conj           #####...     1%          4    ##.....
j - Fulminant Prism       Conj/Hex       ####......   12%         4    ##.....


Dungeon Overview and Level Annotations

Branches:
Dungeon (10/15)            Temple (1/1) D:6            Lair (1/8) D:10
    Orc: D:9-12

Altars:
Ashenzari
Fedhas
Kikubaaqudgha
Nemelex Xobeh
Okawaru
Qazlal
Ru
Sif Muna
Yredelemnul
The Shining One

Shops:
D:10 !

Annotations:
D:3 Jessica
Lair:1 Nergalle


Innate Abilities, Weirdness & Mutations

You can fly.
You have a beak for a mouth.
You have claws for feet.


Message History

The fireball engulfs the spectral orc warrior.
The spectral orc warrior appears unharmed.
Evoking this partially-identified wand wasted a few charges.
The spectral orc knight hits you with a long sword of electrocution!
You feel drained.
Nergalle yells, "What are YOU looking at?"
The spectral orc warrior hits you with a glaive.
The spectral orc warrior hits you from afar with a glaive!
You feel drained.
* * * LOW HITPOINT WARNING * * *
The spectral orc warrior barely misses you.
The spectral orc warrior closely misses you.
Drink which item? (? for menu, Esc to quit)
You feel much better.
The spectral orc warrior hits you from afar with a glaive!
You feel drained.
The spectral orc knight hits you with a long sword of electrocution!
* * * LOW HITPOINT WARNING * * *
You are electrocuted!
You die...

##.......####..### ##.
.#......$.# ###..##
##. .........##
#.?.####.. .......ZZ##
#...#.#... ...##...Z.#
##........ .
#...o.Z### ##.###..#.
###.ZZZ..####.##......
###.ZZZ..##..####.....
#....@Z###..###......#
#...#.## ##..........#
###.### ##.#########
## #..# ####


You could see Nergalle, 2 spectral orcs, 8 spectral orc warriors and a spectral
orc knight.

Vanquished Creatures
  The ghost of smajdalf the Geomancer, an experienced DgEE (D:7)
  Pikel (D:7)
  Joseph (D:7)
  2 centaur skeletons
  2 komodo dragons
  A spiny frog (Lair:1)
  2 two-headed ogres
  2 deep elf magi
  A spriggan (D:7)
  A trapdoor spider (D:8)
  8 yaks
  The ghost of Afay the Covered, an average NaFi (D:4)
  A shadow (D:8)
  Grum (D:8)
  A hungry ghost (D:8)
  3 wolves (D:8)
  Edmund (D:3)
  Menkaure (D:6)
  3 water moccasins
  A porcupine (Lair:1)
  6 orc warriors
  3 ice beasts
  2 black bears
  2 necrophages (D:10)
  A slave (D:7)
  2 sky beasts
  3 phantoms
  4 ogres
  A crocodile (Lair:1)
  2 centaurs (D:9)
  Sigmund (D:5)
  Duvessa (D:4)
  5 giant frogs
  A gnoll sergeant (D:7)
  3 scorpions
  20 killer bees
  An electric eel (D:8)
  2 vampire bats (D:6)
  Dowan (D:4)
  A goliath beetle (D:9)
  2 crimson imps
  2 centaur zombies
  4 orc priests
  Crazy Yiuf (D:3)
  4 giant frog skeletons
  10 hounds
  A jelly (D:8)
  10 worker ants
  Natasha (thrice) (D:3)
  2 iguanas
  5 orc wizards
  2 killer bee zombies
  8 sheep (Lair:1)
  Ijyb (D:7)
  A hound skeleton (D:8)
  13 adders
  11 gnolls
  10 river rats (Lair:1)
  A shadow imp (D:7)
  5 worms
  An adder skeleton (D:4)
  An adder zombie (D:3)
  6 giant geckos
  3 oozes
  40 orcs
  3 ball pythons (D:3)
  10 bats
  5 bat skeletons
  4 bat zombies
  8 giant cockroaches
  9 goblins
  15 hobgoblins
  7 quokkas
  4 giant newts
  14 kobolds
  3 quokka skeletons
  A quokka zombie (D:6)
  19 rats
  2 spectral orcs (Lair:1)
  4 plants (D:10)
352 creatures vanquished.

Vanquished Creatures (others)
  A centaur (D:7)
  An iguana (D:7)
  6 fulminant prisms
  A shadow imp (D:7)
  A giant spore (D:7)
  A plant (D:10)
11 creatures vanquished.

Grand Total: 363 creatures vanquished

Notes
Turn   | Place    | Note
--------------------------------------------------------------
     0 | D:1      | BluebellGnoll, the Tengu Conjurer, began the quest for the Orb.
     0 | D:1      | Reached XP level 1. HP: 10/10 MP: 3/3
   647 | D:1      | Reached XP level 2. HP: 15/15 MP: 0/6
   651 | D:1      | Learned a level 2 spell: Searing Ray
  1234 | D:2      | Reached XP level 3. HP: 19/19 MP: 5/9
  1239 | D:2      | Learned a level 3 spell: Dazzling Spray
  1679 | D:2      | Reached XP level 4. HP: 17/24 MP: 7/11
  2022 | D:2      | Found a blossoming altar of Fedhas.
  2377 | D:3      | Found a shattered altar of Ashenzari.
  2413 | D:3      | Learned a level 4 spell: Iskenderun's Mystic Blast
  2427 | D:3      | Reached XP level 5. HP: 28/28 MP: 13/15
  2481 | D:3      | Noticed Natasha
  2503 | D:3      | Killed Natasha
  2723 | D:3      | Noticed Jessica
  2766 | D:3      | Noticed Natasha
  2931 | D:3      | Killed Natasha
  3101 | D:3      | Found a glowing golden altar of the Shining One.
  3283 | D:3      | Reached skill level 6 in Conjurations
  3407 | D:3      | Noticed Natasha
  3408 | D:3      | Killed Natasha
  3630 | D:3      | Noticed Crazy Yiuf
  3637 | D:3      | Killed Crazy Yiuf
  3637 | D:3      | Reached XP level 6. HP: 16/32 MP: 10/17
  3656 | D:3      | Learned a level 4 spell: Fulminant Prism
  3674 | D:4      | Noticed Edmund
  3688 | D:3      | Killed Edmund
  3688 | D:3      | Reached skill level 7 in Conjurations
  3975 | D:4      | Reached XP level 7. HP: 24/36 MP: 6/18
  4128 | D:4      | Found an iron altar of Okawaru.
  4432 | D:4      | Noticed Duvessa
  4433 | D:4      | Noticed Dowan
  4444 | D:4      | Noticed Afay's ghost (average NaFi)
  4445 | D:4      | Killed Duvessa
  4445 | D:4      | Reached skill level 5 in Spellcasting
  4451 | D:4      | Killed Dowan
  4530 | D:4      | Killed Afay's ghost
  4530 | D:4      | Reached skill level 5 in Dodging
  4774 | D:4      | Learned a level 3 spell: Conjure Flame
  5080 | D:5      | Entered Level 5 of the Dungeon
  5105 | D:5      | Noticed Sigmund
  5110 | D:5      | Killed Sigmund
  5110 | D:5      | Reached XP level 8. HP: 41/41 MP: 9/22
  5464 | D:5      | Got a tattered robe
  5482 | D:5      | Identified the +0 robe of Hide-and-Seek {Str+2 Int+4} (You found it on level 5 of the Dungeon)
  6245 | D:6      | Found a staircase to the Ecumenical Temple.
  6269 | Temple   | Entered the Ecumenical Temple
  6288 | Temple   | Became a worshipper of Sif Muna the Loreminder
  6603 | D:6      | Noticed Menkaure
  6638 | D:6      | Killed Menkaure
  6702 | D:6      | Acquired Sif Muna's first power
  6788 | D:6      | Learned a level 4 spell: Sticky Flame
  6944 | D:6      | Found an ancient bone altar of Kikubaaqudgha.
  7229 | D:6      | Reached XP level 9. HP: 38/45 MP: 20/26
  7314 | D:6      | Found a sparkling altar of Nemelex Xobeh.
  7450 | D:7      | Noticed smajdalf's ghost (experienced DgEE)
  7465 | D:7      | Killed smajdalf's ghost
  7465 | D:7      | Reached skill level 8 in Spellcasting
  7693 | D:7      | Noticed Ijyb
  7702 | D:7      | Acquired Sif Muna's second power
  7702 | D:7      | Reached skill level 1 in Fire Magic
  7717 | D:7      | Killed Ijyb
  7843 | D:7      | Learned a level 3 spell: Inner Flame
  7848 | D:7      | Noticed Joseph
  7956 | D:7      | Killed Joseph
  8270 | D:7      | Noticed Pikel
  8279 | D:7      | Killed Pikel
  8279 | D:7      | Reached skill level 9 in Conjurations
  8279 | D:7      | Reached XP level 10. HP: 42/50 MP: 16/28
  8423 | D:7      | Reached skill level 10 in Conjurations
  9959 | D:8      | Found a basalt altar of Yredelemnul.
 10175 | D:8      | Acquired Sif Muna's third power
 10251 | D:8      | Reached skill level 10 in Spellcasting
 10493 | D:8      | Reached XP level 11. HP: 47/54 MP: 27/31
 10554 | D:8      | Noticed Grum
 10569 | D:8      | Killed Grum
 10840 | D:8      | Reached skill level 11 in Spellcasting
 10860 | D:8      | Learned a level 3 spell: Mephitic Cloud
 11169 | D:9      | Learned a level 5 spell: Fireball
 11194 | D:9      | Received a gift from Sif Muna
 11194 | D:9      | Reached XP level 12. HP: 59/59 MP: 32/32
 11195 | D:9      | Identified Sif Muna's Collected Works on Confrontation (Sif Muna gifted it to you on level 9 of the Dungeon)
 11238 | D:9      | Found a blossoming altar of Fedhas.
 11239 | D:9      | Found a sacrificial altar of Ru.
 11300 | D:9      | Found a stormy altar of Qazlal.
 12061 | D:10     | Entered Level 10 of the Dungeon
 12096 | D:10     | Found a staircase to the Lair.
 12138 | D:10     | Reached skill level 12 in Air Magic
 12487 | D:10     | Got a crystal long sword
 12619 | D:10     | Received a gift from Sif Muna
 12620 | D:10     | Identified Sif Muna's Second Course in Sorcery (Sif Muna gifted it to you on level 10 of the Dungeon)
 12759 | D:10     | Found Yrupebac's Distillery.
 12771 | D:10     | Bought 2 potions of degeneration for 30 gold pieces
 12771 | D:10     | Bought a potion of curing for 45 gold pieces
 12848 | D:10     | Reached skill level 13 in Air Magic
 13130 | Lair:1   | Entered Level 1 of the Lair of Beasts
 14252 | Lair:1   | Noticed Nergalle
 14331 | Lair:1   | Slain by a spectral orc knight

Action                   |  1- 3 |  4- 6 |  7- 9 | 10-12 || total
-------------------------+-------+-------+-------+-------++-------
Melee: Hand axe          |     6 |       |       |       ||     6
       Dagger            |     1 |    10 |       |       ||    11
       Quarterstaff      |       |     2 |    35 |    71 ||   108
       Trident           |       |       |    27 |       ||    27
 Cast: Magic Dart        |    59 |    84 |   109 |   259 ||   511
       Searing Ray       |     3 |    18 |    42 |    73 ||   136
       Iskenderun's Myst |       |       |     2 |       ||     2
       Dazzling Spray    |       |       |     5 |    22 ||    27
       Conjure Flame     |       |       |     3 |    20 ||    23
       Sticky Flame      |       |       |       |    11 ||    11
       Fulminant Prism   |       |       |       |     6 ||     6
       Inner Flame       |       |       |       |     1 ||     1
       Mephitic Cloud    |       |       |       |     9 ||     9
       Fireball          |       |       |       |     8 ||     8
Invok: Channel Energy    |       |       |     3 |   194 ||   197
 Abil: Fly               |       |       |     1 |       ||     1
Evoke: Wand              |       |       |     8 |     1 ||     9
  Use: Scroll            |       |     7 |    12 |     7 ||    26
       Potion            |       |       |     4 |     2 ||     6
 Stab: Sleeping          |       |     2 |     6 |     1 ||     9
       Invisible         |       |       |       |     1 ||     1
  Eat: Chunk             |     3 |     7 |    15 |    50 ||    75
